Map: King's Cove LE

Players

RiSky

  • Race: Zerg Zerg
  • Spawn Location: 11:00

SKillous - Winner!

  • Race: Protoss Protoss
  • Spawn Location: 5:00

Event: 2019 WCS Spring

VOD

Have the link to the VOD?

Description

Time

  • Played on: May 17, 2019, 3:20 p.m.
  • Length: 8:44

All games in this series

Show
View Real Time Build Order
Export as new Build Order

RiSky Zerg 

Build Orders: Hatch First 

Get SALT Encoding   

  12  0:00  Drone  
  13  0:12  Overlord  
  13  0:18  Drone  
  14  0:31  Drone x2  
  16  0:49  Hatchery  
  15  0:52  Drone  
  15  0:56  Drone  
  17  0:59  Drone  
  18  1:10  Extractor  
  17  1:15  Spawning Pool  
  16  1:18  Drone  
  16  1:21  Drone  
  18  1:29  Drone  
  19  1:40  Drone  
  20  1:50  Overlord  
  20  2:02  Queen x2  
  20  2:03  Zergling x4  
  26  2:12  Drone x2  
  26  2:15  Metabolic Boost  
  28  2:24  Drone  
  28  2:25  Drone  
  30  2:43  Hatchery, Drone  
  30  2:45  Drone  
  30  2:50  Queen  
  33  2:54  Overlord  
  33  2:57  Drone  
  34  3:00  Drone  
  34  3:02  Drone  
  36  3:17  Drone x2  
  36  3:19  Spore Crawler  
  34  3:25  Drone  
  34  3:28  Drone x5  
  34  3:32  Drone  
  40  3:39  Drone  
  41  3:42  Drone  
  41  3:45  Lair  
  41  3:47  Overlord  
  42  3:51  Drone  
  42  3:55  Roach Warren  
  42  3:56  Drone  
  42  3:58  Drone  
  42  4:02  Drone x2  
  46  4:04  Drone  
  46  4:06  Extractor  
  46  4:07  Extractor, Drone  
  46  4:09  Drone  
  47  4:11  Drone  
  47  4:13  Drone  
  47  4:15  Drone  
  50  4:17  Drone  
  50  4:18  Drone  
  50  4:21  Overlord  
  52  4:25  Overlord  
  52  4:33  Overlord  
  52  4:35  Roach  
  52  4:36  Roach x2  
  58  4:41  Roach x2  
  58  4:43  Overseer  
  62  4:47  Roach x2  
  62  4:51  Overseer  
  66  4:53  Drone x3  
  66  4:55  Extractor  
  61  5:08  Drone x2  
  61  5:12  Drone x3  
  61  5:13  Drone x5  
  69  5:16  Drone  
  69  5:18  Drone  
  69  5:20  Glial Reconstitution  
  71  5:24  Drone x2  
  71  5:26  Drone  
  71  5:28  Drone  
  75  5:29  Drone  
  75  5:30  Drone  
  75  5:34  Overlord  
  77  5:38  Roach x2  
  81  5:42  Overlord  
  81  5:46  Overlord  
  81  5:49  Spore Crawler  
  78  5:54  Roach x2  
  79  6:01  Drone  
  79  6:02  Drone  
  77  6:06  Drone  
  77  6:07  Queen, Drone x5  
  77  6:08  Queen  
  87  6:15  Overlord  
  87  6:16  Drone x2  
  88  6:23  Drone  
  89  6:29  Drone  
  89  6:30  Drone x2  
  89  6:31  Drone  
  89  6:32  Overseer  
  83  6:35  Drone  
  83  6:36  Drone x2  
  86  6:40  Extractor  
  86  6:42  Queen, Drone  
  86  6:43  Extractor  
  86  6:44  Drone  
  88  6:48  Drone  
  88  6:50  Drone  
  90  6:56  Roach  
  90  6:57  Roach  
  90  7:01  Overlord  
  93  7:05  Evolution Chamber  
  92  7:09  Drone x2  
  92  7:13  Roach, Hatchery  
  92  7:15  Roach  
  97  7:19  Ravager x4  
  97  7:20  Ravager x7  
  112  7:22  Roach  
  112  7:23  Roach x4  
  112  7:24  Roach x2  
  112  7:28  Overlord  
  122  7:31  Overlord  
  122  7:34  Overlord  
  122  7:36  Overlord  
  122  7:42  Ravager  
  122  7:43  Ravager, Overlord  
  121  7:48  Roach x2  
  118  7:57  Roach x2  
  118  7:58  Roach x5  
  124  8:07  Roach x3  
  115  8:14  Roach x2  
  115  8:19  Overlord  
  108  8:23  Overlord  
  108  8:25  Overseer  
Show
View Real Time Build Order
Export as new Build Order

SKillous Protoss - Winner!

Build Orders: 1 Gate Expand, Archon Immortal, Archon Drop, Dark Templar Rush 

Get SALT Encoding   

  12  0:03  Probe  
  13  0:15  Probe  
  14  0:21  Pylon  
  14  0:27  Probe  
  15  0:35  Probe  
  15  0:40  Gateway  
  16  0:43  Probe  
  16  0:49  Assimilator  
  17  0:54  Probe  
  18  1:06  Probe  
  19  1:18  Probe  
  20  1:27  Nexus  
  20  1:38  Cybernetics Core  
  20  1:42  Probe  
  21  1:49  Assimilator  
  21  1:54  Probe  
  21  1:57  Pylon  
  22  2:06  Probe, Adept  
  23  2:19  Probe  
  26  2:23  Twilight Council  
  26  2:26  Stalker  
  26  2:27  Warp Gate  
  26  2:31  Probe  
  26  2:36  Probe  
  29  2:43  Probe  
  29  2:44  Probe  
  32  2:55  Probe x2  
  34  3:02  Robotics Facility  
  34  3:07  Probe x2  
  36  3:15  Probe  
  36  3:19  Probe  
  38  3:22  Dark Shrine  
  38  3:23  Probe  
  38  3:31  Probe  
  38  3:33  Probe  
  40  3:35  Gateway  
  40  3:38  Gateway  
  40  3:41  Warp Prism  
  41  3:42  Gateway  
  41  3:44  Probe  
  42  3:54  Probe  
  45  3:57  Pylon  
  45  3:59  Probe  
  46  4:05  Assimilator  
  46  4:07  Assimilator  
  46  4:09  Pylon  
  46  4:15  Probe x2  
  48  4:23  Probe  
  48  4:27  Probe  
  48  4:28  Forge  
  48  4:31  Probe  
  51  4:40  Dark Templar  
  51  4:41  Dark Templar x3  
  59  4:47  Pylon  
  59  4:48  Observer  
  60  5:00  Immortal  
  60  5:14  Nexus, Protoss Ground Weapons Level 1  
  64  5:17  Pylon  
  64  5:20  Charge  
  64  5:23  Archon  
  64  5:24  Archon  
  66  5:28  Probe  
  66  5:32  Pylon  
  66  5:34  Immortal  
  66  5:36  Sentry  
  66  5:40  Gateway  
  71  5:44  Gateway  
  71  5:48  Probe  
  72  5:50  Probe  
  73  6:00  Probe  
  73  6:03  Probe  
  75  6:06  Sentry  
  75  6:10  Immortal  
  77  6:12  Probe  
  77  6:15  Probe  
  83  6:24  Probe  
  84  6:26  Probe  
  84  6:28  Probe  
  86  6:34  Gateway x2  
  86  6:35  Probe  
  86  6:36  Probe x2  
  86  6:37  Sentry  
  86  6:38  Gateway  
  90  6:41  Gateway  
  90  6:43  Dark Templar  
  90  6:45  Dark Templar  
  95  6:48  Probe  
  95  6:51  Immortal  
  100  6:55  Probe, Archon  
  101  7:01  Pylon  
  101  7:02  Pylon  
  101  7:05  Pylon  
  101  7:06  Pylon  
  97  7:10  Sentry  
  97  7:11  Sentry  
  97  7:14  Pylon  
  101  7:20  Zealot x4  
  109  7:36  Zealot x6  
  119  7:40  Zealot x2  
  119  7:41  Zealot x2  
  115  7:59  Zealot x6  
  113  8:14  Probe  
  110  8:29  Zealot x10  
  110  8:31  Probe x2  
  110  8:33  Assimilator x2  
Tags
 
Add a new tag
Caveats
  • Supply blocks, unpowered buildings, or Contaminate may cause inaccurate times.
  • Supply counts are checked every 10 seconds.